 Dungeon Crawl Stone Soup version 0.28-a0-779-g3d1f99b579 (webtiles) character file.

Game seed: 2520969143553134958

895 Gwenloh the Chiller (level 8, -9/52 HPs)
             Began as a Merfolk Ice Elementalist on Nov 2, 2021.
             Mangled by a hornet zombie (10 damage)
             ... on level 5 of the Dungeon.
             The game lasted 00:22:31 (6426 turns).

Gwenloh the Chiller (Merfolk Ice Elementalist)      Turns: 6426, Time: 00:22:32

Health: -9/52      AC:  9    Str:  9    XL:     8   Next: 6%
Magic:  15/23      EV: 14    Int: 16    God:
Gold:   134        SH:  0    Dex: 14    Spells: 4/15 levels left

rFire   + . .      SeeInvis .   t - +0 trident
rCold   + . .      Faith    .   (no shield)
rNeg    . . .      Spirit   .   s - +0 robe {rC+ rF+}
rPois   .          Reflect  .   (no helmet)
rElec   .          Harm     .   (no cloak)
rCorr   .          Rampage  .   (no gloves)
Will    .....                   (no boots)
Stlth   ++........              (no amulet)
HPRegen 0.17/turn               i - ring of magical power
MPRegen 0.18/turn               (no ring)

@: ice-armoured, freezing walls
A: (nimble swimmer 2), mertail
a: no special abilities


You were on level 5 of the Dungeon.
You visited 1 branch of the dungeon, and saw 5 of its levels.

You collected 134 gold pieces.

Inventory:

Hand Weapons
 a - a +0 dagger
 j - a +0 quarterstaff
 r - a +0 halberd
 t - a +0 trident (weapon)
Missiles
 d - 52 poisoned darts (quivered)
Armour
 c - a +0 leather armour
 g - a +1 robe
 s - a +0 robe of resistance (worn)
Jewellery
 i - a ring of magical power (left hand)
Scrolls
 h - a scroll of amnesia
 k - a scroll of immolation
 n - a scroll of magic mapping
 o - a scroll of torment {unknown}
 p - a scroll of enchant weapon {unknown}
 u - a scroll of brand weapon {unknown}
Potions
 b - 2 potions of curing {unknown}
 e - a potion of heal wounds {unknown}
 f - 2 potions of mutation {unknown}
 l - a potion of ambrosia {unknown}
 m - a potion of lignification {unknown}


   Skills:
 + Level 6.1 Dodging
 - Level 2.1 Stealth
 + Level 4.3 Spellcasting
 + Level 1.7 Conjurations
 * Level 7.9 Ice Magic


You had 4 spell levels left.
You knew the following spells:

 Your Spells              Type           Power      Damage    Failure   Level
a - Freeze                Ice            100%       1d11      1%          1
b - Frozen Ramparts       Ice            56%        1d7       1%          3
c - Ozocubu's Armour      Ice            28%        N/A       1%          3
d - Hailstorm             Conj/Ice       19%        3d6       22%         4

Your spell library contained the following spells:

 Spells                   Type           Power      Damage    Failure   Level
 Ensorcelled Hibernation  Hex/Ice        32%        N/A       4%          2
 Spider Form              Tmut/Pois      3%         N/A       45%         3
 Metabolic Englaciation   Hex/Ice        8%         N/A       65%         5
 Simulacrum               Ice/Necr       8%         N/A       99%         6


Dungeon Overview and Level Annotations

Branches:
Dungeon (5/15)
 Temple: D:4-7

Altars:


Innate Abilities, Weirdness & Mutations

((You are quick and stealthy near water. (Stealth+, EV+, Speed+++)))
Your lower body shifts to a powerful aquatic tail in water.


Message History

Aiming: Freeze (safe; 1% risk of failure)
Press: ? - help, Shift-Dir - straight line, f/p - hornet zombie
Aim: a hornet zombie (heavily damaged)
You freeze the hornet zombie but do no damage.
The hornet zombie completely resists.
The hornet zombie resists.
The wall freezes the hornet zombie.
The hornet zombie hits you.
* * * LOW HITPOINT WARNING * * *
Casting: Freeze (safe; 1% risk of failure)
Confirm with . or Enter, or press ? or * to list all spells.
Aiming: Freeze (safe; 1% risk of failure)
Press: ? - help, Shift-Dir - straight line, f/p - hornet zombie
Aim: a hornet zombie (heavily damaged)
You freeze the hornet zombie but do no damage.
The hornet zombie completely resists. x2
The wall freezes the hornet zombie but does no damage.
The hornet zombie hits you.
* * * LOW HITPOINT WARNING * * *
Casting: Freeze (safe; 1% risk of failure)
Confirm with . or Enter, or press ? or * to list all spells.
Aiming: Freeze (safe; 1% risk of failure)
Press: ? - help, Shift-Dir - straight line, f/p - hornet zombie
Aim: a hornet zombie (heavily damaged)
You freeze the hornet zombie but do no damage.
The hornet zombie completely resists.
The hornet zombie resists.
The wall freezes the hornet zombie.
The hornet zombie hits you!
* * * LOW HITPOINT WARNING * * *
The hornet zombie completely resists.
The wall freezes the hornet zombie but does no damage.
The hornet zombie hits you but does no damage.
Casting: Freeze (safe; 1% risk of failure)
Confirm with . or Enter, or press ? or * to list all spells.
Aiming: Freeze (safe; 1% risk of failure)
Press: ? - help, Shift-Dir - straight line, f/p - hornet zombie
Aim: a hornet zombie (heavily damaged)
You freeze the hornet zombie.
The hornet zombie resists.
The hornet zombie is heavily damaged.
The hornet zombie completely resists.
The wall freezes the hornet zombie but does no damage.
The hornet zombie hits you!
You die...

.# ######....# #.#####
.# ......>#..# #.....#
## ######.#..# #####.#
.......># #.# .
#....##.#########.#
r..#######.#.........#
#.......#.#.#########
#.........#.#########
#.#####.##@..........
#.##Z..........
#.##...........
#..............
####...........
...............
#.##........... ..
............. #
.#............


You could see a hornet zombie.

Vanquished Creatures
  A black bear (D:4)
  A sky beast (D:5)
  2 ogres (D:4)
  A gnoll sergeant (D:5)
  3 hounds
  3 orc priests
  An iguana (D:1)
  5 orc wizards
  3 gnolls (D:5)
  4 adders
  A white imp (D:4)
  A worm (D:2)
  A dart slug (D:4)
  10 orcs
  6 bats
  8 endoplasms
  3 giant cockroaches
  4 hobgoblins
  4 jackals (D:1)
  4 quokkas
  2 ball pythons
  2 frilled lizards
  8 goblins
  4 kobolds
  4 rats
86 creatures vanquished.

Notes
Turn   | Place    | Note
-------+----------+-------------------------------------------
     0 | D:1      | Gwenloh the Merfolk Ice Elementalist began the quest for
                  | the Orb.
     0 | D:1      | Reached XP level 1. HP: 13/13 MP: 3/3
   174 | D:1      | Reached XP level 2. HP: 15/19 MP: 1/5
   684 | D:1      | Found a faded altar of an unknown god.
  1304 | D:2      | Reached XP level 3. HP: 24/24 MP: 2/6
  1692 | D:2      | Noticed a scorpion
  2027 | D:1      | Learned a level 3 spell: Frozen Ramparts
  2057 | D:1      | Reached skill level 5 in Ice Magic
  2329 | D:2      | Reached XP level 4. HP: 30/30 MP: 7/7
  3019 | D:3      | Learned a level 3 spell: Ozocubu's Armour
  3115 | D:3      | Reached XP level 5. HP: 35/35 MP: 9/9
  3546 | D:4      | Noticed an ogre
  3646 | D:4      | Noticed an ogre
  3659 | D:4      | Killed an ogre
  3660 | D:4      | Reached skill level 6 in Ice Magic
  3660 | D:4      | Reached XP level 6. HP: 18/41 MP: 6/10
  4732 | D:4      | Noticed a black bear
  4739 | D:4      | Killed a black bear
  4740 | D:4      | Reached skill level 5 in Dodging
  4786 | D:4      | Learned a level 4 spell: Hailstorm
  4863 | D:4      | Reached skill level 7 in Ice Magic
  4863 | D:4      | Reached XP level 7. HP: 32/46 MP: 12/12
  5208 | D:4      | Reached skill level 1 in Conjurations
  5586 | D:4      | Upgraded the game from 0.28-a0-769-g550dbda0cd to
                  | 0.28-a0-779-g3d1f99b579
  5625 | D:5      | Entered Level 5 of the Dungeon
  5972 | D:5      | Reached XP level 8. HP: 16/52 MP: 14/14
  6425 | D:5      | HP: 1/52 [hornet zombie (10)]
  6426 | D:5      | Mangled by a hornet zombie

Illustrated notes

Levels and vault maps discovered:
D:1:      eino_arrival_water_star, layout_basic, basic_ecumenical_altar
D:2:      layout_loops_ring
D:3:      wander_river, layout_rooms
D:4:      layout_loops_ring
D:5:      layout_basic, uniq_prince_ribbit1

Skill      XL: |  1  2  3  4  5  6  7 |
---------------+----------------------+-----
Dodging        | 3 4 5 6 |  6.1
Ice Magic      | 5 6 7 |  7.9
Spellcasting   | 3 4 |  4.3
Conjurations   | 1 |  1.7
Stealth        | |  2.1

Action                   |  1- 3 |  4- 6 |  7- 9 || total
-------------------------+-------+-------+-------++-------
Melee: Unarmed           |     3 |       |       ||     3
       Quarterstaff      |       |    20 |    18 ||    38
       Halberd           |       |       |     6 ||     6
       Trident           |       |       |    13 ||    13
Throw: Dart              |    16 |    31 |    31 ||    78
 Cast: Freeze            |    40 |    27 |     8 ||    75
       Frozen Ramparts   |     3 |    17 |    14 ||    34
       Ozocubu's Armour  |       |     3 |     6 ||     9
  Use: Scroll            |     2 |       |     3 ||     5
 Stab: Sleeping          |       |     2 |       ||     2
Armor: Leather armour    |     3 |     4 |     5 ||    12
       Robe              |       |       |     4 ||     4
Dodge: Dodged            |    17 |    22 |    27 ||    66

Table legend: (Time is in decaauts)
 A = Elapsed time spent in this place.
 B = Non-inter-level travel time spent in this place.
 C = Inter-level travel time spent in this place.
 D = Time resting spent in this place.
 E = Time spent auto-exploring this place.
 F = Levels seen in this place.
 G = Mean time per level.
                   A        B        C        D        E       F      G
               +--------+--------+--------+--------+--------+-----+--------+
         Total |   6413 |   6054 |    359 |   1702 |   2976 |   5 | 1282.6 |
       Dungeon |   6413 |   6054 |    359 |   1702 |   2976 |   5 | 1282.6 |
               +--------+--------+--------+--------+--------+-----+--------+

Top non-repeatable levels by time:
     D:4: 2029 daAuts
     D:1: 1748 daAuts
     D:3: 963 daAuts
     D:2: 928 daAuts
     D:5: 743 daAuts
